 Dungeon Crawl Stone Soup version 0.20.0-6-gd3061e9 (webtiles) character file.

49 inmateoo the Covered (level 3, -1/34 HPs)
             Began as a Tengu Fighter on May 28, 2017.
             Succumbed to a killer bee's poison
             ... on level 3 of the Dungeon.
             The game lasted 00:01:37 (2032 turns).

inmateoo the Covered (Tengu Fighter)                Turns: 2032, Time: 00:01:38

Health: -1/34      AC:  7    Str: 22    XL:     3   Next: 77%
Magic:  4/4        EV:  8    Int:  8    God:
Gold:   171        SH:  9    Dex: 13    Spells: 2/2 levels left

rFire    . . .     SeeInvis .   l - +0 hand axe (flame)
rCold    . . .     Gourm    .   c - +0 shield
rNeg     . . .     Faith    .   b - +0 scale mail
rPois    .         Spirit   .   (helmet restricted)
rElec    .         Reflect  .   (no cloak)
rCorr    .         Harm     .   (no gloves)
MR       .....                  (boots unavailable)
Stlth    ..........             (no amulet)
Regen    0.2/turn               (no ring)
MPRegen  0.1/turn               (no ring)

@: mighty, berserking, lethally poisoned (-1 -> -21), very quick
A: beak, talons 3
a: no special abilities


You were on level 3 of the Dungeon.
You were not hungry.

You visited 1 branch of the dungeon, and saw 3 of its levels.

You collected 171 gold pieces.

Inventory:

Hand Weapons
 a - a +0 war axe
 l - a +0 hand axe of flaming (weapon)
Armour
 b - a +0 scale mail (worn)
 c - a +0 shield (worn)
Jewellery
 r - a +5 ring of evasion {unknown}
 t - an uncursed ring of protection from fire {unknown}
Wands
 w - a wand of flame (17/48)
Scrolls
 e - 7 scrolls of teleportation {unknown}
 j - a scroll of fog {unknown}
 k - a scroll of enchant armour {unknown}
 m - a scroll of fear {unknown}
 p - 3 scrolls of identify {unknown}
 u - a scroll of remove curse {unknown}
 v - a scroll of enchant weapon {unknown}
 x - a scroll of blinking {unknown}
Potions
 g - a potion of heal wounds {unknown}
 h - a potion of invisibility {unknown}
 i - 4 potions of haste {unknown}
 n - a potion of berserk rage
 o - a potion of degeneration {unknown}
 s - 2 potions of mutation {unknown}
 A - a potion of curing {unknown}
 B - a potion of lignification {unknown}
Comestibles
 f - 4 bread rations
 q - 2 meat rations
 z - a chunk of flesh


   Skills:
 + Level 3.2 Fighting
 * Level 3.1 Axes
 + Level 3.8 Armour
 * Level 0.9 Dodging
 - Level 3.2 Shields


You had 2 spell levels left.
You didn't know any spells.

Dungeon Overview and Level Annotations

Branches:
Dungeon (3/15)

Altars:


Innate Abilities, Weirdness & Mutations

You have a beak for a mouth.
You have claws for feet.


Message History

You barely miss the killer bee. You claw the killer bee.
Your peck misses the killer bee.
The killer bee is moderately wounded.
The killer bee closely misses you. The killer bee stings you.
* * * LOW HITPOINT WARNING * * *
Unknown command.
It was a potion of berserk rage.
A red film seems to cover your vision as you go berserk!
You feel yourself moving faster!
You feel mighty!
You feel sick. The killer bee stings you.
* * * LOW HITPOINT WARNING * * *
You are more poisoned.
The killer bee poisons you! The killer bee stings you.
* * * LOW HITPOINT WARNING * * *
You are more poisoned.
The killer bee poisons you!
You are too berserk!
You slash the killer bee! You burn the killer bee.
The killer bee is almost dead.
You die...

....
#.........#
##..# ###.
#...#.####.#
#.#. #####.#
#.# #.#. #.#
#.# #.# #.#
#.# #.# #.#
#.# ... #.#
#.# #. #.#
#@# #y# #o##
#yy#
#.......#
###.#...# #
>##.# #. .#
#. .#


You could see 3 killer bees and an orc wizard.

Vanquished Creatures
  2 worms (D:2)
  A dart slug (D:2)
  A leopard gecko (D:1)
  10 goblins
  5 hobgoblins
  6 kobolds
  A quokka (D:2)
  4 bats
  4 frilled lizards
  3 rats (D:1)
37 creatures vanquished.

Notes
Turn   | Place    | Note
-------+----------+-------------------------------------------
     0 | D:1      | inmateoo the Tengu Fighter began the quest for the Orb.
     0 | D:1      | Reached XP level 1. HP: 14/14 MP: 2/2
   221 | D:1      | Reached XP level 2. HP: 16/19 MP: 3/3
  1225 | D:2      | Reached XP level 3. HP: 22/23 MP: 4/4
  1846 | D:3      | Noticed an orc warrior
  2023 | D:3      | Noticed a killer bee
  2023 | D:3      | Noticed a killer bee
  2025 | D:3      | Noticed a killer bee
  2031 | D:3      | HP: 1/34 [killer bee (1)]
  2032 | D:3      | Succumbed to a killer bee's poison

Skill      XL: |  1  2  3 |
---------------+----------+-----
Axes           | 3 |  3.1
Fighting       | |  3.2
Armour         | |  3.8
Dodging        | |  0.9
Shields        | |  3.2

Action                   || total
-------------------------++-------
Melee: War axe           ||    21
       Kick              ||    22
       Hand axe          ||    72
       Peck              ||    13
  Use: Potion            ||     2
  Eat: Chunk             ||     4
Armor: Scale mail        ||    34
Dodge: Dodged            ||    24
Block: Shield            ||    47
